 Dungeon Crawl Stone Soup version 0.30-a0-23-ge60ba3568b (webtiles) character file.

Game seed: 6031864259239848476

90 purpskrrrp the Shooter (level 4, 0/39 HPs)
             Began as a Gargoyle Hunter on Aug 26, 2022.
             Slain by a goblin
             ... wielding a +1 dagger of protection
             ... led by Robin
              (2 damage)
             ... on level 2 of the Dungeon.
             The game lasted 00:06:37 (1984 turns).

purpskrrrp the Shooter (Gargoyle Hunter)            Turns: 1984, Time: 00:06:38

Health: 0/39       AC:  6    Str: 21    XL:     4   Next: 56%
Magic:  4/4        EV: 12    Int:  9    God:
Gold:   57         SH:  0    Dex: 15    Spells: 3/3 levels left

rFire   . . .      SeeInvis .    (no weapon)
rCold   . . .      Faith    .    (no shield)
rNeg    + . .      Spirit   .    c - +0 leather armour
rPois   ∞          Reflect  .    (no helmet)
rElec   +          Harm     .    (no cloak)
rCorr   .          Rampage  .    (no gloves)
Will    .....                    (no boots)
Stlth   ..........               (no amulet)
HPRegen 0.13/turn                d - +6 ring of strength
MPRegen 0.09/turn                (no ring)

@: berserking, very quick
A: sickness immunity, AC +3, negative energy resistance 1, electricity
resistance, torment resistance 1, petrification resistance
a: no special abilities


You were on level 2 of the Dungeon.
You visited 1 branch of the dungeon, and saw 2 of its levels.

You collected 57 gold pieces.

Inventory:

Hand Weapons
 a - a +1 shortbow
Armour
 c - a +0 leather armour (worn)
Jewellery
 d - a +6 ring of strength (left hand)
Scrolls
 b - 3 scrolls of immolation
Potions
 g - a potion of might {unknown}


   Skills:
 - Level 2.1 Fighting
 * Level 5.0 Ranged Weapons
 + Level 2.3 Dodging
 + Level 2.6 Stealth


You had 3 spell levels left.
You didn't know any spells.
Your spell library contained the following spells:

 Spells                   Type           Power      Damage    Failure   Level
 Static Discharge         Conj/Air       0%         3-3/arc   56%         2
 Frozen Ramparts          Ice            0%         1d1       80%         3
 Ice Form                 Ice/Tmut       0%         N/A       99%         4
 Summon Ice Beast         Ice/Summ       0%         N/A       99%         4
 Lightning Bolt           Conj/Air       0%         1d11      100%        5
 Maxwell's Capacitive Co  Air            0%         ∞         100%        8


Dungeon Overview and Level Annotations

Branches:
Dungeon (2/15)

Altars:

Annotations:
D:2 Robin


Innate Abilities, Weirdness & Mutations

You are immune to sickness and miasma.
Your stone body is resilient. (AC +3)
You are immune to poison.
You resist negative energy. (rN+)
You are resistant to electric shocks. (rElec)
You are resistant to unholy torment.
You are immune to petrification.


Message History

The ball python constricts you. Robin hits you but does no damage.
The goblin hits you with a +1 dagger of protection.
The goblin hits you with a +0 dagger. The hobgoblin completely misses you.
The ball python bites you but does no damage.
The ball python constricts you.
Okay, then.
Okay, then.
You are already wielding that!
You feel stronger.
d - a +6 ring of strength (left hand)
The hobgoblin closely misses you.
The goblin hits you with a +1 dagger of protection.
The goblin hits you but does no damage. Robin barely misses you.
You are now empty-handed.
The ball python barely misses you. The ball python constricts you.
You closely miss the ball python. The ball python barely misses you.
The ball python constricts you. Robin throws the goblin at you!
The goblin hits you with a +1 dagger of protection.
* * * LOW HITPOINT WARNING * * *
The goblin closely misses you. The goblin barely misses you.
The hobgoblin barely misses you.
A red film seems to cover your vision as you go berserk!
You feel yourself moving faster!
You feel mighty! The ball python closely misses you.
The ball python constricts you.
Robin says, "Kneel, worm!"
Robin hits you with a +0 whip.
* * * LOW HITPOINT WARNING * * *
The goblin hits you with a +1 dagger of protection.
* * * LOW HITPOINT WARNING * * *
The goblin barely misses you. x2; The hobgoblin barely misses you.
You barely miss the ball python.
The ball python bites you but does no damage.
The ball python constricts you.
You punch the ball python!
You kill the ball python!
The goblin no longer looks unusually strong.
Robin roars a battlecry!
The goblin goes into a battle-frenzy!
The goblin hits you with a +1 dagger of protection.
You die...

.......§#
........#
#.......#
###.......#
#......)...
###.......###
..........#
.#....g†g.###...
......g@g.......
##.....g.###....
.........###....
................
###...##.....).#
#.... ..###g..#
#[...##?# g.#
#.#+# #.# .. #.
..h .


You could see Robin, a hobgoblin (strong) and 3 goblins.

Vanquished Creatures
  Natasha (twice) (D:2 D:1)
  2 ball pythons (D:2)
  2 bats (D:1)
  An endoplasm (D:1)
  4 giant cockroaches (D:1)
  9 goblins
  5 hobgoblins
  3 jackals (D:1)
  3 quokkas (D:1)
  A frilled lizard (D:1)
  2 kobolds (D:1)
  5 rats (D:1)
39 creatures vanquished.

Vanquished Creatures (others)
  5 toadstools (D:2)
5 creatures vanquished.

Grand Total: 44 creatures vanquished

Notes
Turn   | Place    | Note
-------+----------+-------------------------------------------
     0 | D:1      | purpskrrrp the Gargoyle Hunter began the quest for the Orb.
     0 | D:1      | Reached XP level 1. HP: 12/12 MP: 1/1
   132 | D:1      | Reached XP level 2. HP: 17/17 MP: 2/2
   140 | D:1      | Found a faded altar of an unknown god.
   774 | D:1      | Reached XP level 3. HP: 21/21 MP: 3/3
  1287 | D:2      | Noticed Natasha
  1293 | D:2      | Killed Natasha
  1312 | D:2      | Noticed Natasha
  1313 | D:2      | Noticed Robin
  1583 | D:2      | Reached XP level 4. HP: 24/26 MP: 4/4
  1600 | D:1      | HP: 1/26 [Natasha (7)]
  1602 | D:1      | Killed Natasha
  1925 | D:1      | Reached skill level 5 in Ranged Weapons
  1984 | D:2      | Slain by a goblin

Illustrated notes

Levels and vault maps discovered:
D:1:      shiori_arrival_elements, layout_loops_corners,
          hellmonk_ecumenical_altar_zigzags, serial_rivers,
          chequers_serial_rivers_large_b, chequers_serial_rivers_small_3,
          chequers_serial_rivers_micro_a, chequers_serial_rivers_small_b,
          chequers_serial_rivers_room_b, chequers_serial_rivers_small_3
D:2:      cheibrodos_fertilizer, layout_basic, basic_altar, roderic_lattice_a,
          uniq_robin, uniq_jessica, uniq_natasha

Skill      XL: |  1  2  3  4 |
---------------+-------------+-----
Dodging        | 2 |  2.3
Stealth        | 2 |  2.6
Ranged Weapons | 5 |  5.0
Fighting       | |  2.1

Action                   |  1- 3 |  4- 6 || total
-------------------------+-------+-------++-------
Melee: Unarmed           |       |     4 ||     4
 Fire: Shortbow          |    79 |    25 ||   104
  Use: Scroll            |     4 |       ||     4
       Potion            |       |     2 ||     2
Armor: Leather armour    |    10 |    23 ||    33
Dodge: Dodged            |    20 |    41 ||    61

Table legend: (Time is in decaauts)
 A = Elapsed time spent in this place.
 B = Non-inter-level travel time spent in this place.
 C = Inter-level travel time spent in this place.
 D = Time resting spent in this place.
 E = Time spent auto-exploring this place.
 F = Levels seen in this place.
 G = Mean time per level.
                   A        B        C        D        E       F      G
               +--------+--------+--------+--------+--------+-----+--------+
         Total |   2076 |   1950 |    126 |    590 |   1126 |   2 | 1038.0 |
       Dungeon |   2076 |   1950 |    126 |    590 |   1126 |   2 | 1038.0 |
               +--------+--------+--------+--------+--------+-----+--------+

Top non-repeatable levels by time:
     D:1: 2000 daAuts
     D:2: 76 daAuts
